APP
SAN FRANCISCO (APP) GIANTS @ OGDEN RAPTORS
09/29/2047
 
TOP OF THE 1ST
San Francisco (APP) Giants batting - Pitching for Ogden Raptors : RHP Jaylen Parks
Pitching: RHP Jaylen Parks
Batting: RHB Coen Dirks 0-0: Ball
1-0: Ball
2-0: Ball
3-0: Called Strike
3-1: Base on Balls
Batting: RHB Ryan Bentz 0-0: Ball
1-0: Called Strike
1-1: Swinging Strike
1-2: Ball
2-2: Ball
3-2: Foul Ball, location: 2F
3-2: Strikes out looking
Coen Dirks steals 2nd base (no throw)
Batter strikes out.
Batting: LHB Mason Duffy 0-0: Ball
1-0: Ball
2-0: Ball
3-0: Called Strike
3-1: Foul Ball, location: 2F
3-2: Fly out, F9 (Flyball, 9, EV 93.1 MPH)
Batting: RHB Edwin Verdugo 0-0: Ball
1-0: Called Strike
1-1: Foul Ball, location: 2F
1-2: Foul Ball, location: 2F
1-2: Strikes out looking
Top of the 1st over - 0 runs, 0 hits, 0 errors, 1 left on base; San Francisco (APP) 0 - Ogden 0
BOTTOM OF THE 1ST
Ogden Raptors batting - Pitching for San Francisco (APP) Giants : RHP Tony Nateras
Pitching: RHP Tony Nateras
Batting: LHB Nate Kee 0-0: Called Strike
0-1: Ball
1-1: Hit by Pitch
Batting: RHB Tommy Hunter 0-0: Ball
1-0: Swinging Strike
1-1: Foul Ball, location: 2F
1-2: Strikes out swinging
Batting: LHB Tore Bosch 0-0: Foul Ball, location: 2F
0-1: Fielders Choice at 2nd, 4-6 (Groundball, 4M, EV 95.0 MPH)
Batting: LHB Steve Pond 0-0: Foul Ball, location: 2F
0-1: Ball
1-1: Swinging Strike
1-2: DOUBLE (Line Drive, 7LS, EV 94.4 MPH)
Tore Bosch to third
Runner from 3rd tries for Home, throw by LF and OUT! 7-6-2
Bottom of the 1st over - 0 runs, 1 hit, 0 errors, 1 left on base; San Francisco (APP) 0 - Ogden 0
TOP OF THE 2ND
San Francisco (APP) Giants batting - Pitching for Ogden Raptors : RHP Jaylen Parks
Batting: LHB Steve Nevis 0-0: Ball
1-0: Ball
2-0: Swinging Strike
2-1: Ball
3-1: Called Strike
3-2: Base on Balls
Batting: RHB Jason Gregor 0-0: Swinging Strike
0-1: Ball
1-1: Foul Ball, location: 2F
1-2: Ball
2-2: Foul Ball, location: 2F
2-2: Strikes out swinging
Steve Nevis steals 2nd base
Batter strikes out.
Batting: RHB Ryan Roberts 0-0: Called Strike
0-1: Ground out 6-3 (Groundball, 4M, EV 94.4 MPH)
Steve Nevis to third
Batting: RHB Zach Maguire 0-0: Fly out, F9 (Flyball, 9D, EV 96.9 MPH)
Top of the 2nd over - 0 runs, 0 hits, 0 errors, 1 left on base; San Francisco (APP) 0 - Ogden 0
BOTTOM OF THE 2ND
Ogden Raptors batting - Pitching for San Francisco (APP) Giants : RHP Tony Nateras
Batting: RHB Jerry Sanchez 0-0: Swinging Strike
0-1: Ball
1-1: SOLO HOME RUN (Flyball, 78XD, EV 102.5 MPH), Distance : 422 ft
Batting: RHB Mike Kaczor 0-0: Called Strike
0-1: Ball
1-1: Foul Ball, location: 2F
1-2: Ball
2-2: Foul Ball, location: 2F
2-2: Ball
3-2: Foul Ball, location: 2F
3-2: Base on Balls
Batting: SHB Josh Vaill 0-0: Ball
1-0: Ball
2-0: Ball
3-0: Called Strike
3-1: Called Strike
3-2: 2-RUN HOME RUN (Line Drive, 9D, EV 105.0 MPH), Distance : 392 ft
Batting: RHB Chad Rojas 0-0: Ball
1-0: Ground out 5-3 (Groundball, 15, EV 79.4 MPH)
Batting: RHB Jason Baldwin 0-0: Ball
1-0: Ground out 5-3 (Groundball, 56, EV 99.4 MPH)
Batting: LHB Nate Kee 0-0: Ball
1-0: Ball
2-0: Ball
3-0: Called Strike
3-1: SINGLE (Groundball, 4S, EV 66.9 MPH) (infield hit)
Batting: RHB Tommy Hunter 0-0: Ball
Nate Kee steals 2nd, throwing error, E2
Nate Kee to third
1-0: Called Strike
1-1: Foul Ball, location: 2F
1-2: Ball
2-2: SINGLE (Line Drive, 34D, EV 108.1 MPH)
Nate Kee scores
Batting: LHB Tore Bosch 0-0: Foul Ball, location: 2F
0-1: Fielders Choice at 2nd, 5-4 (Groundball, 6, EV 88.1 MPH)
Bottom of the 2nd over - 4 runs, 4 hits, 1 error, 1 left on base; San Francisco (APP) 0 - Ogden 4
TOP OF THE 3RD
San Francisco (APP) Giants batting - Pitching for Ogden Raptors : RHP Jaylen Parks
Batting: RHB Chris Kulik 0-0: Called Strike
0-1: Ground out 4-3 (Groundball, 4, EV 90.6 MPH)
Batting: RHB Coen Dirks 0-0: Ball
1-0: Ball
2-0: Ball
3-0: Called Strike
3-1: Foul Ball, location: 2F
3-2: Strikes out swinging
Batting: RHB Ryan Bentz 0-0: Ball
1-0: Ball
2-0: Ball
3-0: Base on Balls
Batting: LHB Mason Duffy 0-0: Ball
Ryan Bentz is caught stealing 2nd base 2-6
Top of the 3rd over - 0 runs, 0 hits, 0 errors, 0 left on base; San Francisco (APP) 0 - Ogden 4
BOTTOM OF THE 3RD
Ogden Raptors batting - Pitching for San Francisco (APP) Giants : RHP Tony Nateras
Batting: LHB Steve Pond 0-0: Called Strike
0-1: Called Strike
0-2: Ball
1-2: Foul Ball, location: 2F
1-2: Ball
2-2: Foul Ball, location: 2F
2-2: Ball
3-2: Strikes out swinging
Batting: RHB Jerry Sanchez 0-0: Ball
1-0: Called Strike
1-1: Ball
2-1: Called Strike
2-2: Foul Ball, location: 2F
2-2: Foul Ball, location: 2F
2-2: Ball
3-2: Base on Balls
Batting: RHB Mike Kaczor 0-0: Foul Ball, location: 2F
0-1: Foul Ball, location: 2F
0-2: Foul Ball, location: 2F
0-2: Foul Ball, location: 2F
0-2: Fly out, F7 (Line Drive, 78M, EV 87.5 MPH)
Batting: SHB Josh Vaill 0-0: Called Strike
Jerry Sanchez steals 2nd base (no throw)
0-1: Hit by Pitch
Batting: RHB Chad Rojas 0-0: Foul Ball, location: 2F
0-1: Ball
1-1: Ball
2-1: Ball
3-1: Base on Balls
Jerry Sanchez to third
Josh Vaill to second
Batting: RHB Jason Baldwin 0-0: Ball
1-0: Ball
2-0: Ball
3-0: Base on Balls
Jerry Sanchez scores
Josh Vaill to third
Chad Rojas to second
Pitching: LHP Ricky Coats
Batting: LHB Nate Kee 0-0: Called Strike
0-1: Ball
1-1: Ball
2-1: Swinging Strike
2-2: SINGLE (Groundball, 34D, EV 100.0 MPH)
Josh Vaill scores
Chad Rojas to third
Jason Baldwin to second
Batting: RHB Tommy Hunter 0-0: Ball
1-0: Swinging Strike
1-1: Reached on error, E4 (Groundball, 6M, EV 85.0 MPH)
Chad Rojas scores
Jason Baldwin to third
Nate Kee to second
Batting: LHB Tore Bosch 0-0: Fielders Choice at 2nd, 5-4 (Groundball, 56, EV 110.6 MPH)
Bottom of the 3rd over - 3 runs, 1 hit, 1 error, 3 left on base; San Francisco (APP) 0 - Ogden 7
TOP OF THE 4TH
San Francisco (APP) Giants batting - Pitching for Ogden Raptors : RHP Jaylen Parks
Batting: LHB Mason Duffy 0-0: Foul Ball, location: 2F
0-1: Swinging Strike
0-2: Foul Ball, location: 2F
0-2: Foul Ball, location: 2F
0-2: Ball
1-2: Foul Ball, location: 2F
1-2: Ball
2-2: Ball
3-2: SOLO HOME RUN (Flyball, 89XD, EV 113.8 MPH), Distance : 436 ft
Batting: RHB Edwin Verdugo 0-0: SINGLE (Groundball, 56D, EV 98.8 MPH)
Batting: LHB Steve Nevis 0-0: Called Strike
Edwin Verdugo is caught stealing 2nd base 2-6
0-1: Ground out 4-3 (Groundball, 34D, EV 83.1 MPH)
Batting: RHB Jason Gregor 0-0: Called Strike
0-1: Ball
1-1: Ball
2-1: Ball
3-1: Base on Balls
Batting: RHB Ryan Roberts 0-0: Called Strike
Jason Gregor is caught stealing 2nd base 2-4
Top of the 4th over - 1 run, 2 hits, 0 errors, 0 left on base; San Francisco (APP) 1 - Ogden 7
BOTTOM OF THE 4TH
Ogden Raptors batting - Pitching for San Francisco (APP) Giants : LHP Ricky Coats
Batting: LHB Steve Pond 0-0: Fly out, F7 (Flyball, 7, EV 83.8 MPH)
Batting: RHB Jerry Sanchez 0-0: Ball
1-0: Swinging Strike
1-1: Ball
2-1: Called Strike
2-2: Strikes out swinging
Batting: RHB Mike Kaczor 0-0: Ground out 5-3 (Groundball, 5, EV 92.5 MPH)
Bottom of the 4th over - 0 runs, 0 hits, 0 errors, 0 left on base; San Francisco (APP) 1 - Ogden 7
TOP OF THE 5TH
San Francisco (APP) Giants batting - Pitching for Ogden Raptors : RHP Jaylen Parks
Batting: RHB Ryan Roberts 0-0: Ball
1-0: Called Strike
1-1: Ball
2-1: Foul Ball, location: 2F
2-2: Strikes out swinging
Batting: RHB Zach Maguire 0-0: Called Strike
0-1: Ball
1-1: Foul Ball, location: 2F
1-2: Strikes out swinging
Batting: RHB Chris Kulik 0-0: Ball
1-0: Ground out 5-3 (Groundball, 56S, EV 86.2 MPH)
Top of the 5th over - 0 runs, 0 hits, 0 errors, 0 left on base; San Francisco (APP) 1 - Ogden 7
BOTTOM OF THE 5TH
Ogden Raptors batting - Pitching for San Francisco (APP) Giants : LHP Ricky Coats
Batting: SHB Josh Vaill 0-0: Ball
1-0: Called Strike
1-1: Ball
2-1: Ball
3-1: Base on Balls
Batting: RHB Chad Rojas 0-0: SINGLE (Flyball, 78S, EV 99.4 MPH)
Josh Vaill to second
Batting: RHB Jason Baldwin 0-0: Called Strike
0-1: Foul Ball, location: 2F
0-2: Ball
1-2: Ball
2-2: Strikes out swinging
Batting: LHB Nate Kee 0-0: Ball
1-0: Foul Ball, location: 2F
1-1: Fly out, F8 (Flyball, 8RD, EV 101.9 MPH)
Runner from 2nd tags up, OUT at 3rd! 8-5
Bottom of the 5th over - 0 runs, 1 hit, 0 errors, 1 left on base; San Francisco (APP) 1 - Ogden 7
TOP OF THE 6TH
San Francisco (APP) Giants batting - Pitching for Ogden Raptors : RHP Jaylen Parks
Pitching: RHP Gerardo Diaz
Batting: RHB Coen Dirks 0-0: Ball
1-0: Fly out, F9 (Line Drive, 9LM, EV 86.9 MPH)
Batting: RHB Ryan Bentz 0-0: Ball
1-0: Ball
2-0: Ball
3-0: Called Strike
3-1: Foul Ball, location: 2F
3-2: SINGLE (Line Drive, 6M, EV 99.4 MPH)
Batting: LHB Mason Duffy 0-0: Ball
Ryan Bentz steals 2nd base
1-0: Ball
2-0: Ball
3-0: Called Strike
3-1: Base on Balls
Batting: RHB Edwin Verdugo 0-0: Ball
1-0: Swinging Strike
1-1: 3-RUN HOME RUN (Flyball, 7D, EV 98.8 MPH), Distance : 381 ft
Pitching: RHP Charles Durand
Batting: LHB Steve Nevis 0-0: Ball
1-0: Ball
2-0: Foul Ball, location: 2F
2-1: Fly out, F7 (Flyball, 7D, EV 91.2 MPH)
Batting: RHB Jason Gregor 0-0: Called Strike
0-1: Called Strike
0-2: Foul Ball, location: 2F
0-2: Ball
1-2: Ball
2-2: Strikes out swinging
Top of the 6th over - 3 runs, 2 hits, 0 errors, 0 left on base; San Francisco (APP) 4 - Ogden 7
BOTTOM OF THE 6TH
Ogden Raptors batting - Pitching for San Francisco (APP) Giants : LHP Ricky Coats
Batting: RHB Tommy Hunter 0-0: Ball
1-0: SINGLE (Line Drive, 8LS, EV 101.9 MPH)
Batting: LHB Tore Bosch 0-0: Ball
1-0: Called Strike
1-1: Ball
2-1: Foul Ball, location: 2F
2-2: Ball
3-2: SINGLE (Flyball, 4MD, EV 81.9 MPH)
Tommy Hunter to second
Tommy Hunter to third
Pitching: RHP Mike Zambrano Jr.
Batting: LHB Steve Pond 0-0: Ball
1-0: Called Strike
1-1: Called Strike
1-2: Strikes out swinging
Batting: RHB Jerry Sanchez 0-0: Called Strike
0-1: Called Strike
0-2: SINGLE (Groundball, 56D, EV 99.4 MPH)
Tommy Hunter scores
Tore Bosch to second
Batting: RHB Mike Kaczor 0-0: Ball
1-0: Called Strike
1-1: Called Strike
1-2: Ball
2-2: SINGLE (Flyball, 9S, EV 88.1 MPH)
Tore Bosch to third
Jerry Sanchez to second
Batting: SHB Josh Vaill 0-0: Ball
1-0: Swinging Strike
1-1: Ball
2-1: Ball
3-1: Swinging Strike
3-2: Reached on error, E5 (Flyball, 56D, EV 81.2 MPH)
Tore Bosch scores
Jerry Sanchez to third
Mike Kaczor to second
Batting: RHB Chad Rojas 0-0: Called Strike
0-1: Ball
1-1: Swinging Strike
1-2: Ball
2-2: Ball
3-2: Fly out, F7 (Flyball, 7LD, EV 81.9 MPH)
Runner from 3rd tags up, SCORES, no throw by LF
Batting: RHB Jason Baldwin 0-0: Ball
1-0: Swinging Strike
1-1: Foul Ball, location: 2F
1-2: Ball
2-2: Ball
3-2: Fly out, F6 (Popup, 56, EV 75.6 MPH)
Bottom of the 6th over - 3 runs, 4 hits, 1 error, 2 left on base; San Francisco (APP) 4 - Ogden 10
TOP OF THE 7TH
San Francisco (APP) Giants batting - Pitching for Ogden Raptors : RHP Charles Durand
Batting: RHB Ryan Roberts 0-0: Ball
1-0: Fly out, F7 (Flyball, 78M, EV 81.9 MPH)
Batting: RHB Zach Maguire 0-0: Ball
1-0: Foul Ball, location: 2F
1-1: Swinging Strike
1-2: Strikes out swinging
Batting: RHB Chris Kulik 0-0: Ball
1-0: Called Strike
1-1: Called Strike
1-2: Ball
2-2: Foul Ball, location: 2F
2-2: Foul Ball, location: 2F
2-2: Ball
3-2: Strikes out swinging
Top of the 7th over - 0 runs, 0 hits, 0 errors, 0 left on base; San Francisco (APP) 4 - Ogden 10
BOTTOM OF THE 7TH
Ogden Raptors batting - Pitching for San Francisco (APP) Giants : RHP Mike Zambrano Jr.
Batting: LHB Nate Kee 0-0: Swinging Strike
0-1: Foul Ball, location: 2F
0-2: Strikes out looking
Batting: RHB Tommy Hunter 0-0: Ball
1-0: Ball
2-0: Called Strike
2-1: Called Strike
2-2: Strikes out swinging
Batting: LHB Tore Bosch 0-0: Swinging Strike
0-1: Ball
1-1: Ball
2-1: Ball
3-1: Called Strike
3-2: Base on Balls
Pitching: RHP Jonathan Fritzinger
Batting: LHB Steve Pond 0-0: Swinging Strike
0-1: Called Strike
0-2: Strikes out swinging
Bottom of the 7th over - 0 runs, 0 hits, 0 errors, 1 left on base; San Francisco (APP) 4 - Ogden 10
TOP OF THE 8TH
San Francisco (APP) Giants batting - Pitching for Ogden Raptors : RHP Charles Durand
Batting: RHB Coen Dirks 0-0: Called Strike
0-1: Foul Ball, location: 2F
0-2: Foul Ball, location: 2F
0-2: Ground out 5-3 (Groundball, 56, EV 105.6 MPH)
Batting: RHB Ryan Bentz 0-0: Called Strike
0-1: Ball
1-1: Foul Ball, location: 2F
1-2: Fly out, F7 (Line Drive, 7D, EV 90.6 MPH)
Batting: LHB Mason Duffy 0-0: Ball
1-0: Foul Ball, location: 2F
1-1: Ball
2-1: Swinging Strike
2-2: Ball
3-2: Base on Balls
Batting: RHB Edwin Verdugo 0-0: Called Strike
0-1: Ball
1-1: Ball
2-1: Ball
3-1: Base on Balls
Mason Duffy to second
Batting: LHB Steve Nevis 0-0: Ball
1-0: Fly out, F5 (Popup, 6S, EV 72.5 MPH)
Top of the 8th over - 0 runs, 0 hits, 0 errors, 2 left on base; San Francisco (APP) 4 - Ogden 10
BOTTOM OF THE 8TH
Ogden Raptors batting - Pitching for San Francisco (APP) Giants : RHP Jonathan Fritzinger
Batting: RHB Jerry Sanchez 0-0: Ball
1-0: Ball
2-0: Called Strike
2-1: Foul Ball, location: 2F
2-2: Fly out, F3 (Popup, 23F, EV 80.0 MPH)
Batting: RHB Mike Kaczor 0-0: Called Strike
0-1: Swinging Strike
0-2: Ball
1-2: Ball
2-2: Ball
3-2: Fly out, F9 (Flyball, 9LM, EV 80.0 MPH)
Batting: SHB Josh Vaill 0-0: Ball
1-0: Ball
2-0: Called Strike
2-1: Ball
3-1: Base on Balls
Batting: RHB Chad Rojas Pickoff Throw to First - Out! 1-3 CS
Bottom of the 8th over - 0 runs, 0 hits, 0 errors, 0 left on base; San Francisco (APP) 4 - Ogden 10
TOP OF THE 9TH
San Francisco (APP) Giants batting - Pitching for Ogden Raptors : RHP Charles Durand
Batting: RHB Jason Gregor 0-0: Called Strike
0-1: Ball
1-1: Ball
2-1: Foul Ball, location: 2F
2-2: Foul Ball, location: 2F
2-2: Strikes out looking
Batting: RHB Ryan Roberts 0-0: Called Strike
0-1: Foul Ball, location: 2F
0-2: Ball
1-2: Ball
2-2: Strikes out looking
Batting: RHB Zach Maguire 0-0: Ball
1-0: Ball
2-0: Ball
3-0: Called Strike
3-1: Foul Ball, location: 2F
3-2: Foul Ball, location: 2F
3-2: Foul Ball, location: 2F
3-2: SINGLE (Groundball, 4MD, EV 110.6 MPH)
Pinch Hitting: LHB Chris West 0-0: Foul Ball, location: 2F
0-1: Fielders Choice at 2nd, 5-6 (Groundball, 56, EV 103.8 MPH)
Top of the 9th over - 0 runs, 1 hit, 0 errors, 1 left on base; San Francisco (APP) 4 - Ogden 10
Thursday, December 15th , 2022 - OOTP Baseball 23.9 Build 102